 Dungeon Crawl Stone Soup version 0.18-a0-1773-gec4f98e (webtiles) character file.

840 Bigslacks the Ducker (level 8, -1/50 HPs)
             Began as an Octopode Assassin on Apr 15, 2016.
             Was an Initiate of Cheibriados.
             Slain by a sky beast (5 damage)
             ... on level 5 of the Dungeon.
             The game lasted 00:10:32 (6566 turns).

Bigslacks the Ducker (Octopode Assassin)            Turns: 6566, Time: 00:10:33

Health: -1/50      AC:  1    Str: 13    XL:     8   Next: 0%
Magic:  8/8        EV: 12    Int: 15    God:    Cheibriados [......]
Gold:   329        SH:  7    Dex: 14    Spells: 0 memorised, 7 levels left

rFire  . . .     SeeInvis .       - Unarmed
rCold  . . .     Gourm    +     q - +0 shield
rNeg   . . .     Faith    .     (helmet restricted)
rPois  .         Spirit   .     n - amulet of the gourmand
rElec  .         Dismiss  .     (no ring)
rCorr  .         Reflect  .     (no ring)
SustAt .         Harm     .     (no ring)
MR     .....                    (no ring)
Stlth  ++++......               (no ring)
                                (no ring)
                                (no ring)
                                (no ring)

@: very slow, not resistant to hostile enchantments, stealthy
A: almost no armour, amphibious, 8 rings, constrict 8, camouflage 1, gelatinous
body 1
a: Bend Time, Renounce Religion


You were on level 5 of the Dungeon.
You worshipped Cheibriados.
Cheibriados was noncommittal.
You were completely stuffed.

You visited 2 branches of the dungeon, and saw 6 of its levels.

You collected 392 gold pieces.
You spent 63 gold pieces at shops.

Inventory:

Hand Weapons
 a - a +2 dagger
 b - a +0 blowgun
Missiles
 c - 67 poisoned needles
 d - 4 curare-tipped needles
 j - 2 throwing nets (quivered)
Armour
 q - a +0 shield (worn)
Jewellery
 n - an amulet of the gourmand (around mantle)
Wands
 p - a wand of acid (6/15)
Scrolls
 e - a scroll of magic mapping {unknown}
 g - a scroll of enchant armour {unknown}
 i - a scroll of recharging {unknown}
 k - a scroll of immolation {unknown}
 l - a scroll of enchant weapon {unknown}
 o - 4 scrolls of identify {unknown}
 t - a scroll of remove curse {unknown}
Potions
 h - a potion of curing
 m - a potion of invisibility {unknown}
 r - 2 potions of lignification {unknown}
 s - a potion of might {unknown}
Comestibles
 f - 3 bread rations


   Skills:
 - Level 2.0 Fighting
 - Level 2.0 Short Blades
 - Level 2.0 Throwing
 * Level 6.0 Dodging
 - Level 5.3 Stealth
 + Level 1.0 Shields
 * Level 5.9 Unarmed Combat


You had 7 spell levels left.
You didn't know any spells.

Dungeon Overview and Level Annotations

Branches:
Dungeon (5/15)             Temple (1/1) D:4

Altars:
Cheibriados
Fedhas
Gozag
Nemelex Xobeh
Okawaru
Pakellas
Qazlal
Ru
Sif Muna
Trog
Vehumet
Xom
Zin
The Shining One
Jiyva

Shops:
D:4 [


Innate Abilities, Weirdness & Mutations

You cannot wear most types of armour.
You are amphibious.
You can wear up to eight rings at the same time.
You can use your tentacles to constrict eight enemies at once.
Your skin changes colour to match your surroundings (Stealth).
Your rubbery body absorbs attacks (AC +1).


Message History

You closely miss the sky beast.
You squeeze the sky beast, but do no damage.
The sky beast is severely wounded.
You block the sky beast's attack.
You tentacle-slap the sky beast.
The sky beast is severely wounded.
The sky beast flickers out of sight!
Deactivating autopickup; reactivate with Ctrl-A.
Something hits you. Something shocks you.
* * * LOW HITPOINT WARNING * * *
Huge Dmg: -20%(-10hp) hp: 24%(12hp)
Something hits you.
* * * LOW HITPOINT WARNING * * *
Something shocks you.
* * * LOW HITPOINT WARNING * * *
Huge Dmg: -18%(-9hp) hp: 8%(4hp)
Something hits you.
* * * LOW HITPOINT WARNING * * *
Something shocks you.
You die...

### .. ..# .# #.# #.# #.# #####
## #####.###.####...#
..#######.....#...##.....########
................@..'.......>#...#
#.#..####.....#.####......#(#...#
..............#.# #......#.#...#
..##..####+#..#.# #......#.#...#
## ##.####.#....# #......#.....'
#......#..#.# ###.##.#.....#
##..#.....#.# #.##.......#
#..#.###.#.# #.#####.####
##.#.....#.# #.# #...#


There were no monsters in sight!

Vanquished Creatures
  4 big kobolds (D:3)
  2 jellies (D:4)
  2 orc wizards
  An iguana (D:4)
  Ijyb (D:3)
  2 worker ants (D:4)
  10 gnolls (D:3)
  7 adders
  An ooze (D:2)
  5 worms
  2 dart slugs
  3 giant geckos
  6 orcs
  13 bats
  3 giant cockroaches
  6 goblins
  15 hobgoblins
  11 jackals
  45 kobolds
  6 quokkas
  A sheep (D:4)
  3 ball pythons
  9 giant newts
  5 rats
163 creatures vanquished.

Vanquished Creatures (others)
  An iguana (D:4)
1 creature vanquished.

Grand Total: 164 creatures vanquished

Notes
Turn   | Place    | Note
--------------------------------------------------------------
     0 | D:1      | Bigslacks the Octopode Assassin began the quest for the Orb.
     0 | D:1      | Reached XP level 1. HP: 14/14 MP: 1/1
    35 | D:1      | Reached skill level 1 in Unarmed Combat
    35 | D:1      | Reached XP level 2. HP: 19/19 MP: 2/2
    38 | D:1      | Huge Dmg: 5 dmg
    39 | D:1      | Huge Dmg: 5 dmg
   246 | D:1      | Huge Dmg: 4 dmg
   396 | D:1      | Reached skill level 2 in Dodging
   539 | D:1      | Reached XP level 3. HP: 22/24 MP: 3/3
   671 | D:2      | Huge Dmg: 4 dmg
   989 | D:2      | Found an opulent altar of Gozag.
   991 | D:2      | Found a sacrificial altar of Ru.
  1038 | D:2      | Reached XP level 4. HP: 22/29 MP: 4/4
  1200 | D:2      | Found a blossoming altar of Fedhas.
  1539 | D:3      | Reached skill level 3 in Dodging
  1846 | D:3      | Noticed Ijyb
  2057 | D:3      | Killed Ijyb
  2057 | D:3      | Reached XP level 5. HP: 17/34 MP: 5/5
  2059 | D:3      | Huge Dmg: 4 dmg
  2292 | D:3      | Huge Dmg: 16 dmg
  2294 | D:3      | Huge Dmg: 11 dmg
  2554 | D:3      | Huge Dmg: 9 dmg
  2826 | D:3      | Huge Dmg: 8 dmg
  2833 | D:3      | Huge Dmg: 13 dmg
  3081 | D:3      | Huge Dmg: 12 dmg
  3276 | D:3      | Huge Dmg: 10 dmg
  3478 | D:3      | Huge Dmg: 7 dmg
  3488 | D:3      | Huge Dmg: 8 dmg
  3589 | D:3      | Reached skill level 4 in Dodging
  3589 | D:3      | Reached XP level 6. HP: 24/39 MP: 6/6
  3953 | D:3      | Found a bloodstained altar of Trog.
  4484 | D:3      | Reached XP level 7. HP: 37/45 MP: 7/7
  4650 | D:3      | Reached skill level 5 in Dodging
  4650 | D:3      | Reached skill level 5 in Unarmed Combat
  4825 | D:3      | Huge Dmg: 6 dmg
  4831 | D:3      | Huge Dmg: 6 dmg
  5290 | D:4      | Found a shimmering altar of Xom.
  5357 | D:4      | Huge Dmg: 14 dmg
  5514 | D:4      | Found a snail-covered altar of Cheibriados.
  5525 | D:4      | Became a worshipper of Cheibriados the Contemplative
  5578 | D:4      | Found a staircase to the Ecumenical Temple.
  5587 | Temple   | Entered the Ecumenical Temple
  5800 | D:4      | Huge Dmg: 11 dmg
  5880 | D:4      | Found a radiant altar of Vehumet.
  5920 | D:4      | Found Iso Qala's Armour Shop.
  5970 | D:4      | Bought a +0 shield for 63 gold pieces
  6041 | D:4      | Found a glowing golden altar of the Shining One.
  6162 | D:4      | Found a shimmering altar of Xom.
  6294 | D:4      | Huge Dmg: 10 dmg
  6294 | D:4      | Reached skill level 6 in Dodging
  6294 | D:4      | Reached skill level 1 in Shields
  6297 | D:4      | Reached XP level 8. HP: 28/50 MP: 8/8
  6479 | D:5      | Entered Level 5 of the Dungeon
  6555 | D:5      | Huge Dmg: 10 dmg
  6559 | D:5      | Huge Dmg: 6 dmg
  6561 | D:5      | Huge Dmg: 10 dmg
  6563 | D:5      | Huge Dmg: 9 dmg
  6566 | D:5      | Slain by a sky beast

Vault maps used:
D:1:      dpeg_arrival_radiant
D:2:      lemuel_round_altar, nicolae_gozag_cash_rules_everything_around_me,
          minmay_misc_feat_columns, fedhas_altar_1
D:3:      minmay_goblin_kobold_castle, old_standard_altar, uniq_iyjb
D:4:      overflow_temple_1_default, tso_altar, old_standard_altar,
          kennysheep_slug_shrine, lemuel_temple_firewalk, serial_shops, shop,
          dk_xom_monty_hall
D:5:      first_bread, nicolae_dithmenos_shadow_blocks
Temple:   pf_slimified_temple

Skill      XL: |  1  2  3  4  5  6  7 |
---------------+----------------------+-----
Unarmed Combat | 1 2 3 4 5 |  5.9
Dodging        | 2 3 4 6 |  6.0
Shields        | 1 |  1.0
Fighting       | |  2.0
Short Blades   | |  2.0
Throwing       | |  2.0
Stealth        | |  5.3

Action                   |  1- 3 |  4- 6 |  7- 9 || total
-------------------------+-------+-------+-------++-------
Melee: Dagger            |    59 |   183 |       ||   242
       Constrict         |    12 |    51 |    32 ||    95
       Tentacles         |     8 |    43 |    22 ||    73
       Punch             |       |     4 |    12 ||    16
       Unarmed           |       |    27 |   122 ||   149
 Fire: Blowgun           |       |     7 |       ||     7
  Use: Potion            |       |     1 |       ||     1
 Stab: Sleeping          |     9 |    13 |     7 ||    29
       Distracted        |     1 |       |       ||     1
  Eat: Chunk             |       |    11 |    14 ||    25
       Meat ration       |       |     1 |       ||     1
Armor: Skin              |     8 |    16 |     4 ||    28
Dodge: Dodged            |    41 |   177 |    81 ||   299
Block: Shield            |       |       |     3 ||     3
